 Dungeon Crawl Stone Soup version 0.29.0-11-gd7f09526c8 (webtiles) character file.

Game seed: 4712354199448662155

114 CrazyBamboolord the Grave Robber (level 4, 0/30 HPs)
             Began as a Mummy Necromancer on Sept 4, 2022.
             Slain by an iguana (11 damage)
             ... on level 4 of the Dungeon on Sept 5, 2022.
             The game lasted 00:11:45 (3230 turns).

CrazyBamboolord the Grave Robber (MuNe)             Turns: 3230, Time: 00:11:45

Health: 0/30       AC:  5    Str: 11    XL:     4   Next: 66%
Magic:  3/10       EV: 16    Int: 19    God:
Gold:   23         SH:  0    Dex: 12    Spells: 3/11 levels left

rFire   x . .      SeeInvis .   i - +5 hand axe of Licwonat {vorpal, Fly rPois Int+3}
rCold   + . .      Faith    .   (no shield)
rNeg    + + +      Spirit   .   a - +0 robe
rPois   ∞          Reflect  .   c - +0 helmet
rElec   .          Harm     .   b - +1 cloak
rCorr   .          Rampage  .   (no gloves)
Will    .....                   (no boots)
Stlth   ++........              (no amulet)
HPRegen 0.10/turn               j - +4 ring of evasion
MPRegen 0.12/turn               k - ring of flight

@: flying, very slightly contaminated
A: cold resistance 1, negative energy resistance 3, torment resistance 2, heat
vulnerability 1, in touch with death 1, no potions
a: no special abilities


You were on level 4 of the Dungeon.
You visited 1 branch of the dungeon, and saw 4 of its levels.

You collected 130 gold pieces.
You spent 107 gold pieces at shops.

Inventory:

Hand Weapons
 i - the +5 hand axe of Licwonat (weapon) {vorpal, Fly rPois Int+3}
   (You found it on level 2 of the Dungeon)

   It inflicts extra damage upon your enemies.
   Int:       It affects your intelligence (+3).
   rPois:     It protects you from poison.
   Fly:       It grants you flight.
Armour
 a - a +0 robe (worn)
 b - a +1 cloak (worn)
 c - a +0 helmet (worn)
 d - an orb of mayhem
 l - a +0 pair of boots
Jewellery
 j - a +4 ring of evasion (left hand)
 k - a ring of flight (right hand)
Scrolls
 e - a scroll of fear
 f - a scroll of vulnerability
 g - 2 scrolls of teleportation
 h - 3 scrolls of enchant weapon
 n - a scroll of poison


   Skills:
 * Level 2.1 Dodging
 + Level 1.7 Stealth
 * Level 4.2 Spellcasting
 * Level 0.7 Hexes
 * Level 4.9 Necromancy


You had 3 spell levels left.
You knew the following spells:

 Your Spells              Type           Power      Damage    Failure   Level
a - Necrotise             Necr           100%       1d9       1%          1
b - Vampiric Draining     Necr           33%        2d8       5%          3
c - Animate Dead          Necr           33%        N/A       19%         4

Your spell library contained the following spells:

 Spells                   Type           Power      Damage    Failure   Level
 Apportation              Tloc           8%         N/A       14%         1
 Magic Dart               Conj           16%        1d3       14%         1
 Summon Small Mammal      Summ           16%        N/A       14%         1
 Searing Ray              Conj           8%         2d4       21%         2
 Agony                    Necr           33%        N/A       45%         5
 Fulminant Prism          Conj/Hex       2%         3d6       75%         4


Dungeon Overview and Level Annotations

Branches:
Dungeon (4/15)
 Temple: D:4-7

Altars:

Shops:
D:1 *   D:2 !   D:3 *[!??

Annotations:
D:4 Blork the orc, Edmund


Innate Abilities, Weirdness & Mutations

You are immune to poison.
Your flesh is cold resistant. (rC+)
You are immune to negative energy. (rN+++)
You are immune to unholy pain and torment.
You are vulnerable to heat. (rF-)
You are in touch with the powers of death.
You do not drink.


Message History

The quokka attacks as you move away! The quokka closely misses you.
The quokka twitches its whiskers.
The quokka misses you. The quokka attacks as you move away!
The quokka bites you but does no damage.
Aiming: Necrotise (safe; 1% risk of failure)
Press: ? - help, Q - select action, (/) - cycle Shift-Dir - straight line, f - quokka
Aim: a quokka (chance to affect: 93%)
You feel a surge of power!
The quokka writhes in agony.
The quokka closely misses you.
Aiming: Necrotise (safe; 1% risk of failure)
Press: ? - help, Q - select action, (/) - cycle Shift-Dir - straight line, f/p - quokka
Aim: a quokka (lightly wounded, chance to affect: 93%)
You feel a surge of power!
The quokka writhes in agony.
The quokka closely misses you.
Aiming: Necrotise (safe; 1% risk of failure)
Press: ? - help, Q - select action, (/) - cycle Shift-Dir - straight line, f/p - quokka
Aim: a quokka (almost dead, chance to affect: 93%)
You feel a surge of power!
The quokka writhes in agony.
You kill the quokka!
The dead are hopping!
Aiming: Necrotise (safe; 1% risk of failure)
Press: ? - help, Q - select action, (/) - cycle Shift-Dir - straight line, f - iguana
Aim: an iguana (ally target, chance to affect: 88%)
You feel a surge of power!
The iguana writhes in agony!
The iguana barely misses you. Blork the orc barely misses you.
Unknown command.
The iguana bites you!
Casting: Necrotise (safe; 1% risk of failure)
Confirm with . or Enter, or press ? or * to list all spells.
Aiming: Vampiric Draining (dangerous; 5% risk of failure)
Press: ? - help, Shift-Dir - straight line, f/p - iguana
Aim: an iguana (heavily wounded, ally target)
You feel a surge of power!
You miscast Vampiric Draining.
You are very lightly contaminated with residual magic.
Nothing appears to happen.
Blork the orc hits you with a +0 hand axe.
Blork the orc barely misses your quokka skeleton.
The iguana bites you!
You die...

#. .. .# .# ..#### .#
....@#
###.###........#
#.............. #.@#
..... ###lo# ###..###
#..Z## ##......#
#...#####.......# ..
#.....l!..o.....#...#
#...#######....<...#
#.... #.........<.
#....# #...........
#..### ...........)..


You could see Blork the orc (fast), an iguana (ally target) and a friendly
quokka skeleton.

Vanquished Creatures
  An orc priest (D:3)
  An adder (D:2)
  A worm (D:2)
  3 dart slugs
  4 orcs (D:3)
  8 bats
  6 endoplasms
  A giant cockroach (D:2)
  6 goblins
  4 hobgoblins
  A quokka (D:4)
  2 ball pythons
  3 frilled lizards
  8 kobolds
  11 rats
60 creatures vanquished.

Vanquished Creatures (collateral kills)
  A ball python (D:1)
1 creature vanquished.

Grand Total: 61 creatures vanquished

Notes
Turn   | Place    | Note
-------+----------+-------------------------------------------
     0 | D:1      | CrazyBamboolord the Mummy Necromancer began the quest for
                  | the Orb.
     0 | D:1      | Reached XP level 1. HP: 13/13 MP: 4/4
   346 | D:1      | Found Baput's Assorted Antiques.
   379 | D:1      | Reached XP level 2. HP: 17/19 MP: 1/5
  1073 | D:2      | Found Boiddi's Distillery.
  1113 | D:2      | Gained mutation: You are in touch with the powers of death.
                  | [Mummy growth]
  1113 | D:2      | Reached XP level 3. HP: 2/24 MP: 0/7
  1534 | D:2      | Identified the +5 hand axe of Licwonat {vorpal, Fly rPois
                  | Int+3}
  1632 | D:2      | Learned a level 3 spell: Vampiric Draining
  2192 | D:3      | Found Voileudo's Assorted Antiques.
  2225 | D:3      | Bought a scroll labelled MELAOLECAN for 23 gold pieces
  2498 | D:3      | Found Huadomik's Armour Shop.
  2517 | D:3      | Found Juppa's Distillery.
  2542 | D:3      | Found Aradefy's Magic Scroll Shoppe.
  2552 | D:3      | Found a faded altar of an unknown god.
  2557 | D:3      | Bought a scroll of identify for 28 gold pieces
  2557 | D:3      | Bought a scroll of poison for 56 gold pieces
  2571 | D:3      | Found Ameijoub's Magic Scroll Shop.
  2577 | D:3      | Reached XP level 4. HP: 29/30 MP: 5/9
  2591 | D:3      | Learned a level 4 spell: Animate Dead
  3210 | D:4      | Noticed Blork the orc
  3212 | D:4      | Noticed Edmund
  3230 | D:4      | Slain by an iguana

Illustrated notes

Levels and vault maps discovered:
D:1:      shiori_arrival_elements, layout_basic, serial_shops,
          nicolae_shop_trees
D:2:      layout_rooms, serial_shops, nicolae_shop_advertising_works
          [nicolae_subvault_shop_adworks], minmay_circle_x
D:3:      layout_basic, hellmonk_ecumenical_altar_run_dry, serial_shops, shop,
          nicolae_shop_temple_entry_statues_fountains, shop,
          nicolae_diamond_shop, nicolae_square_shop, minmay_distorted
D:4:      layout_rooms, minmay_temple_entry_ruins, gup_sewer_entry_bowl,
          grunt_decor_fettered, uniq_sigmund, uniq_edmund, uniq_blork_the_orc

Skill      XL: |  1  2  3  4 |
---------------+-------------+-----
Spellcasting   | 3 4 |  4.2
Dodging        | 2 |  2.1
Stealth        | |  1.7
Hexes          | |  0.7
Necromancy     | |  4.9

Action                   |  1- 3 |  4- 6 || total
-------------------------+-------+-------++-------
Melee: Unarmed           |    11 |       ||    11
       Hand axe          |     5 |     2 ||     7
 Cast: Necrotise         |    80 |    24 ||   104
  Use: Scroll            |     4 |     2 ||     6
Armor: Robe              |     7 |     1 ||     8
Dodge: Dodged            |    31 |    11 ||    42
